 Dungeon Crawl Stone Soup version 0.31.0-32-g396128a36d (webtiles) character file.

Game seed: 12278565725800797596

1945 James the Gouger (level 8, -2/45 HPs)
             Began as a Felid Fighter on Apr 20, 2024.
             Was a Believer of Uskayaw.
             Slain by a gnoll sergeant
             ... wielding a +0 spear
              (8 damage)
             ... on level 5 of the Dungeon.
             The game lasted 00:20:31 (5778 turns).

James the Gouger (Felid Fighter)                    Turns: 5778, Time: 00:20:32

Health: -2/45      AC:  2    Str: 19    XL:     8   Next: 98%
Magic:  10/10      EV: 25    Int: 12    God:    Uskayaw [**....]
Gold:   352        SH:  0    Dex: 16    Spells: 7/7 levels left
                                        Lives:  0   Deaths: 2

rFire   + .          .
                       - Unarmed
rCold   . . .        (shield unavailable)
rNeg    . . .        (body armour unavailable)
rPois   .            (helmet unavailable)
rElec   .            (cloak unavailable)
rCorr   +            (gloves unavailable)
SInv    +            (boots unavailable)
Will    +....        (no amulet)
Stlth   ++++         c - ring of Daheri {^Contam rF+ rCorr EV+5 Str+5}
HPRegen 0.27/turn    (no ring)
MPRegen 0.12/turn

%: no passive effects
@: no status effects
A: very small, claws 1, fangs 3, see invisible, shaggy fur 2, stealthy paws, no
weapons or thrown items, no armour, multi-lived
a: Renounce Religion, Stomp, Line Pass


You were on level 5 of the Dungeon.
You worshipped Uskayaw.
Uskayaw was noncommittal.
You visited 2 branches of the dungeon, and saw 6 of its levels.

You collected 352 gold pieces.

Inventory:

Jewellery
 c - the ring of Daheri (left paw) {^Contam rF+ rCorr EV+5 Str+5}
   (You found it on level 4 of the Dungeon)

   [ring of evasion]

   EV+5:      It affects your evasion (+5).
   Str+5:     It affects your strength (+5).
   rF+:       It protects you from fire.
   ^Contam:   It causes magical contamination when unequipped.
   rCorr:     It protects you from acid and corrosion.
Talismans
 f - a blade talisman
   (You found it on level 2 of the Dungeon)
 h - a flux talisman
   (You found it on level 2 of the Dungeon)
Wands
 d - a wand of iceblast (14)
   (You found it on level 5 of the Dungeon)
 m - a wand of mindburst (17)
   (You took it off Ijyb on level 3 of the Dungeon)
Scrolls
 e - 2 scrolls of vulnerability {!r}
 g - a scroll of butterflies
 i - 7 scrolls of teleportation {@r4}
 l - a scroll of enchant weapon {unknown}
 r - a scroll of noise {unknown}
Potions
 a - a potion of might
 b - 4 potions of attraction {!q}
 j - a potion of heal wounds {unknown}
 k - a potion of berserk rage
 n - a potion of curing {@q1}
 o - a potion of resistance {unknown}
 p - a potion of magic {unknown}
 q - a potion of experience {unknown}


   Skills:
 + Level 6.3 Fighting
 - Level 6.0 Dodging
 - Level 7.0 Stealth
 - Level 9.0 Unarmed Combat
 - Level 2.0 Invocations


You had 7 spell levels left.
You didn't know any spells.
Your spell library contained the following spells:

 Spells                   Type           Power      Damage    Failure   Level
 Freeze                   Ice            0%         1d3       32%         1
 Frozen Ramparts          Ice            0%         1d1       69%         3
 Hailstorm                Conj/Ice       0%         3d5       69%         3
 Stone Arrow              Conj/Erth      0%         3d7       69%         3
 Lehudib's Crystal Spear  Conj/Erth      0%         10d2      100%        8
 Animate Armour           Summ/Erth      Unusable   N/A       N/A         4

Dungeon Overview and Level Annotations

Branches:
Dungeon (5/15)             Temple (1/1) D:4

Altars:
Ashenzari
Cheibriados
Dithmenos
Elyvilon
Gozag
Hepliaklqana
Kikubaaqudgha
Makhleb
Nemelex Xobeh
Okawaru
Qazlal
Ru
Sif Muna
Uskayaw
Vehumet
Wu Jian
Xom
Yredelemnul
Zin
The Shining One


Innate Abilities, Weirdness & Mutations

You have sharp claws.
You have razor-sharp teeth.
You have supernaturally acute eyesight. (SInv)
You are covered in thick fur. (AC +2)
Your paws help you pounce on unaware monsters.
You are incapable of wielding weapons or throwing items.
You cannot wear armour.
You gain extra lives every three experience levels.


Message History

You barely miss the hound. You bite the hound.
The gnoll sergeant hits you from afar with a +0 spear!
The hound closely misses you.
You scratch the hound. Your claw misses the hound. The hound bites you.
The gnoll sergeant completely misses you.
You can now pass through a line of other dancers.
The hound completely misses you. The hound attacks as it pursues you!
The hound completely misses you. The hound attacks as it pursues you!
The hound misses you. The hound completely misses you.
The gnoll throws a boomerang.
The boomerang completely misses you.
The gnoll sergeant attacks as it pursues you!
The gnoll sergeant closely misses you.
You can no longer pass through a line of other dancers.
Things that are here:
a +0 flail; a +0 robe The hound attacks as it pursues you!
The hound completely misses you. The hound misses you.
The gnoll sergeant attacks as it pursues you!
The gnoll sergeant hits you from afar with a +0 spear!
The hound attacks as it pursues you! The hound misses you.
The hound completely misses you.
You see here 2 throwing nets {!f}.
The hound completely misses you. The hound attacks as it pursues you!
The hound completely misses you.
The gnoll throws a boomerang.
The boomerang hits you!
* * * LOW HITPOINT WARNING * * *
The hound closely misses you.
The gnoll throws a boomerang.
The boomerang misses you. The hound attacks as it pursues you!
The hound closely misses you.
The gnoll throws a boomerang.
The boomerang completely misses you. The hound barely misses you.
Items here: ((( ).
The hound bites you.
* * * LOW HITPOINT WARNING * * *
You barely miss the hound. Your claw misses the hound. You bite the hound!
You kill the hound!
The gnoll sergeant barely misses you.
Items here: ((( ).
You claw the gnoll sergeant! You bite the gnoll sergeant!
The gnoll sergeant hits you with a +0 spear.
* * * LOW HITPOINT WARNING * * *
You can now pass through a line of other dancers.
You barely miss the gnoll sergeant.
The gnoll sergeant hits you with a +0 spear.
* * * LOW HITPOINT WARNING * * *
You barely miss the gnoll sergeant. The gnoll sergeant misses you.
You scratch the gnoll sergeant but do no damage.
The gnoll sergeant hits you with a +0 spear!
You die...

#......# ##.(≈....#
#........##...≈.(###
...#''#.......≈..#
..##..##......≈..#
..## ##......≈..#
≈..####......≈≈..#
≈≈..##...≈≈≈≈≈...#
.≈......≈≈.....#g#
.≈≈≈≈≈≈≈≈.....##@#
............####.#
........(..#####(#
....)..........).#
.........#########
.........#
..##.....###
.###.......###
...#.........#


You could see a gnoll sergeant.

Vanquished Creatures
  Grinder (D:4)
  Grum (D:5)
  A weeping skull (D:3)
  A gnoll sergeant (D:5)
  A scorpion (D:5)
  6 killer bees
  4 gnoll boudas
  3 bombardier beetles
  A jelly (D:5)
  14 hounds (D:5)
  Ijyb (D:3)
  28 gnolls
  10 adders
  An ufetubus (D:5)
  4 dart slugs
  4 orcs
  8 endoplasms
  A giant cockroach (D:1)
  14 goblins
  9 hobgoblins
  8 jackals
  7 quokkas
  8 ball pythons
  7 bats
  A frilled lizard (D:2)
  13 kobolds
  5 rats
  A spectral orc (D:3)
163 creatures vanquished.

Notes
Turn   | Place    | Note
-------+----------+-------------------------------------------
     0 | D:1      | James the Felid Fighter began the quest for the Orb.
     0 | D:1      | Reached XP level 1. HP: 12/12 MP: 2/2
    37 | D:1      | Reached skill level 1 in Stealth
   136 | D:1      | Reached XP level 2. HP: 10/16 MP: 3/3
   268 | D:1      | Reached XP level 3. HP: 14/20 MP: 4/4
  1029 | D:2      | Reached XP level 4. HP: 25/25 MP: 5/5
  1029 | D:2      | Gained a life (2 lives remaining)
  1650 | D:3      | Found a white marble altar of Elyvilon.
  1788 | D:3      | Reached skill level 5 in Stealth
  2186 | D:3      | Noticed Ijyb
  2208 | D:3      | Killed Ijyb
  2209 | D:3      | Reached XP level 5. HP: 13/29 MP: 6/6
  2281 | D:3      | Found a basalt altar of Yredelemnul.
  2319 | D:3      | Reached skill level 5 in Dodging
  2708 | D:4      | Identified the ring of Daheri {^Contam rF+ rCorr EV+5
                  | Str+5}
  2818 | D:4      | Reached skill level 5 in Unarmed Combat
  2849 | D:4      | Found a stormy altar of Qazlal.
  2853 | D:4      | Found a snail-covered altar of Cheibriados.
  2854 | D:4      | Found a sparkling altar of Nemelex Xobeh.
  2855 | D:4      | Found a hide-covered altar of Uskayaw.
  2863 | D:4      | Became a worshipper of Uskayaw the Reveller
  2876 | D:4      | Noticed Grinder
  2886 | D:4      | Reached * piety under Uskayaw
  2887 | D:4      | Gained mutation: You are covered in thick fur. (AC +2)
                  | [Felid growth]
  2887 | D:4      | Reached XP level 6. HP: 33/33 MP: 7/7
  3094 | D:4      | Found a staircase to the Ecumenical Temple.
  3283 | D:4      | Reached ** piety under Uskayaw
  3290 | D:4      | Reached *** piety under Uskayaw
  3291 | D:4      | Killed Grinder
  3292 | D:4      | Reached skill level 5 in Fighting
  3292 | D:4      | Reached skill level 1 in Invocations
  3374 | Temple   | Entered the Ecumenical Temple
  3388 | D:5      | Entered Level 5 of the Dungeon
  3410 | D:4      | Reached XP level 7. HP: 32/39 MP: 9/9
  3614 | D:5      | Reached skill level 6 in Unarmed Combat
  3932 | D:5      | Reached **** piety under Uskayaw
  3936 | D:5      | Reached skill level 7 in Unarmed Combat
  4275 | D:5      | Reached XP level 8. HP: 31/43 MP: 10/10
  4358 | D:5      | Reached skill level 8 in Unarmed Combat
  4361 | D:5      | Slain by a killer bee
  4361 | D:5      | Lost a life (1 life remaining)
  4862 | D:5      | Mangled by a gnoll sergeant
  4862 | D:5      | Lost a life (0 lives remaining)
  5406 | D:5      | Noticed Grum
  5409 | D:5      | Killed Grum
  5410 | D:5      | Reached skill level 9 in Unarmed Combat
  5778 | D:5      | Slain by a gnoll sergeant

Illustrated notes

Levels and vault maps discovered:
D:1:      nzn_arrival_water_spiral, layout_rooms, serial_bayou,
          serial_bayou_pond_a, serial_bayou_pond_c, serial_bayou_pond_a,
          serial_bayou_pond_b
D:2:      layout_basic, guppyfry_early_orc_mine
D:3:      layout_loops_ring, nicolae_elyvilon_temple_path,
          yredelemnul_forgotten_temple_becter, uniq_ijyb
D:4:      nicolae_cairo_tiling_very_big, layout_cave_pools,
          mainiacjoe_overflow_alcove_3, minmay_temple_entry_junction,
          uniq_grinder
D:5:      minmay_skewed_foursquare, layout_cave_pools, serial_gnoll_camp,
          gnoll_camp_huts_moat, gnoll_camp_medium_02, gnoll_camp_mini_doghouse,
          gnoll_camp_mini_hut, grums_kennel, gnoll_camp_mini_hut
Temple:   minmay_temple_curvy_branch

Skill      XL: |  1  2  3  4  5  6  7  8 |
---------------+-------------------------+-----
Stealth        | 2 3 5 6 7 |  7.0
Fighting       | 4 5 6 |  6.3
Dodging        | 5 6 |  6.0
Unarmed Combat | 5 7 9 |  9.0
Invocations    | 2 |  2.0

Action                     |  1- 3 |  4- 6 |  7- 9 || total
---------------------------+-------+-------+-------++-------
  Melee: Unarmed           |   109 |   147 |   251 ||   507
         Bite              |     4 |     8 |    24 ||    36
         Punch             |     2 |     2 |    11 ||    15
    Use: Scroll            |       |     9 |     1 ||    10
   Stab: Sleeping          |     1 |     9 |     8 ||    18
         Distracted        |       |     1 |       ||     1
         Paralysed         |       |     1 |     6 ||     7
 Armour: Skin              |    31 |    35 |    80 ||   146
  Dodge: Dodged            |    80 |    78 |   367 ||   525
